TOP OF THE 1ST |
Alameda Airmen batting - Pitching for Myrtle Beach Seahawks : LHP José Rico
|
Pitching: LHP José Rico
|
|
Batting: RHB Mariano Sánchez
|
0-0: SINGLE (Groundball, 56D)
|
Batting: RHB Vicente Rodríguez
|
0-0: Ball 1-0: Foul Ball, location: 2F 1-1: Foul Ball, location: 2F 1-2: Ball 2-2: Ball 3-2: Strikes out swinging
|
Batting: RHB Joe Phillips
|
0-0: Ball 1-0: Called Strike 1-1: Foul Ball, location: 2F 1-2: Foul Ball, location: 2F 1-2: Ball 2-2: Ball 3-2: Foul Ball, location: 2F 3-2: Ground out 4-3 (Groundball, 4M) Mariano Sánchez to second
|
Batting: LHB Jorge Vargas
|
0-0: Ball 1-0: Ball 2-0: Fly out, F8 (Line Drive, 8RS)
|
Top of the 1st over - 0 run(s), 1 hit(s), 0 error(s), 1 left on base; Alameda 0 - Myrtle Beach 0 |
BOTTOM OF THE 1ST |
Myrtle Beach Seahawks batting - Pitching for Alameda Airmen : RHP Reynaldo Maestas
|
Pitching: RHP Reynaldo Maestas
|
|
Batting: RHB Fernando Pérez
|
0-0: Ball 1-0: Reached on error, E5 (Groundball, 5S)
|
Batting: RHB José Sosa
|
0-0: Called Strike 0-1: DOUBLE (Line Drive, 78M) Fernando Pérez scores
|
Batting: SHB Jorge Barrios
|
0-0: Ball 1-0: Ball 2-0: Ball 3-0: Called Strike 3-1: Foul Ball, location: 2F 3-2: Fly out, F9 (Flyball, 9M)
|
Batting: RHB Rodrigo Lugo
|
0-0: Swinging Strike 0-1: SINGLE (Groundball, 6MD) José Sosa to third
|
Batting: SHB Tony Martínez
|
0-0: Ball Rodrigo Lugo steals 2nd base 1-0: Ground out 5-3 (Groundball, 5S)
|
Batting: RHB Manuel Díaz
|
0-0: Ball 1-0: Fly out, F5 (Line Drive, 5S)
|
Bottom of the 1st over - 1 run(s), 2 hit(s), 1 error(s), 2 left on base; Alameda 0 - Myrtle Beach 1 |
TOP OF THE 2ND |
Alameda Airmen batting - Pitching for Myrtle Beach Seahawks : LHP José Rico
|
Batting: RHB Ricardo Téllez
|
0-0: Swinging Strike 0-1: Swinging Strike 0-2: Ball 1-2: Ball 2-2: Ball 3-2: Strikes out swinging
|
Batting: SHB Esteban Lugo
|
0-0: Ball 1-0: Ground out 5-3 (Groundball, 56)
|
Batting: RHB Francisco Mejía
|
0-0: Foul Ball, location: 2F 0-1: SINGLE (Flyball, 89S)
|
Batting: SHB Orlando Villa
|
0-0: Ball 1-0: Ball 2-0: Called Strike 2-1: Ground out 1-3 (Groundball, 13)
|
Top of the 2nd over - 0 run(s), 1 hit(s), 0 error(s), 1 left on base; Alameda 0 - Myrtle Beach 1 |
BOTTOM OF THE 2ND |
Myrtle Beach Seahawks batting - Pitching for Alameda Airmen : RHP Reynaldo Maestas
|
Batting: RHB Guillaume Colin
|
0-0: Called Strike 0-1: Foul Ball, location: 2F 0-2: Foul Ball, location: 2F 0-2: Ball 1-2: Strikes out swinging
|
Batting: RHB Roberto Escues
|
0-0: Ball 1-0: Ball 2-0: Fly out, F9 (Flyball, 89S)
|
Batting: SHB Jim Unknown
|
0-0: Ball 1-0: Ground out 6-3 (Groundball, 6)
|
Bottom of the 2nd over - 0 run(s), 0 hit(s), 0 error(s), 0 left on base; Alameda 0 - Myrtle Beach 1 |
TOP OF THE 3RD |
Alameda Airmen batting - Pitching for Myrtle Beach Seahawks : LHP José Rico
|
Batting: RHB Lenny Roper
|
0-0: Swinging Strike 0-1: Ball 1-1: Foul Ball, location: 2F 1-2: Ball 2-2: Fly out, F8 (Flyball, 8LM)
|
Batting: RHB Mariano Sánchez
|
0-0: Foul Ball, location: 2F 0-1: Ball 1-1: Ball 2-1: Ball 3-1: Swinging Strike 3-2: Strikes out swinging
|
Batting: RHB Vicente Rodríguez
|
0-0: Foul Ball, location: 2F 0-1: Ball 1-1: Ball 2-1: Foul Ball, location: 2F 2-2: Strikes out swinging
|
Top of the 3rd over - 0 run(s), 0 hit(s), 0 error(s), 0 left on base; Alameda 0 - Myrtle Beach 1 |
BOTTOM OF THE 3RD |
Myrtle Beach Seahawks batting - Pitching for Alameda Airmen : RHP Reynaldo Maestas
|
Batting: RHB Fernando Pérez
|
0-0: Ground out 5-3 (Groundball, 5S)
|
Batting: RHB José Sosa
|
0-0: Ball 1-0: Ball 2-0: Ball 3-0: Called Strike 3-1: Called Strike 3-2: Foul Ball, location: 2F 3-2: Foul Ball, location: 2F 3-2: SINGLE (Line Drive, 8LS)
|
Batting: SHB Jorge Barrios
|
0-0: Ball 1-0: Ball 2-0: Foul Ball, location: 2F 2-1: Called Strike 2-2: Foul Ball, location: 2F 2-2: Ball 3-2: Foul Ball, location: 2F 3-2: Foul Ball, location: 2F 3-2: Foul Ball, location: 2F 3-2: Base on Balls José Sosa to second
|
Batting: RHB Rodrigo Lugo
|
0-0: Ball 1-0: Fly out, F7 (Flyball, 7LM)
|
Batting: SHB Tony Martínez
|
0-0: SINGLE (Groundball, 56D) José Sosa to third Jorge Barrios to second Runner from 3rd tries for Home, SAFE, throw made home Jorge Barrios to third Tony Martínez to second
|
Batting: RHB Manuel Díaz
|
0-0: Ball 1-0: Ball 2-0: Ball 3-0: Base on Balls
|
Batting: RHB Guillaume Colin
|
0-0: Called Strike 0-1: DOUBLE (Line Drive, 7LS) Jorge Barrios scores Tony Martínez scores Manuel Díaz to third
|
Batting: RHB Roberto Escues
|
0-0: Ball 1-0: Ground out 6-3 (Groundball, 6)
|
Bottom of the 3rd over - 3 run(s), 3 hit(s), 0 error(s), 2 left on base; Alameda 0 - Myrtle Beach 4 |
TOP OF THE 4TH |
Alameda Airmen batting - Pitching for Myrtle Beach Seahawks : LHP José Rico
|
Batting: RHB Joe Phillips
|
0-0: SINGLE (Line Drive, 4M)
|
Batting: LHB Jorge Vargas
|
0-0: Foul Ball, location: 2F 0-1: Ball 1-1: Foul Ball, location: 2F 1-2: Strikes out swinging
|
Batting: RHB Ricardo Téllez
|
0-0: Called Strike 0-1: SINGLE (Groundball, 6MD) Joe Phillips to second
|
Batting: SHB Esteban Lugo
|
0-0: Ball 1-0: Ball 2-0: Ball 3-0: Base on Balls Joe Phillips to third Ricardo Téllez to second
|
Batting: RHB Francisco Mejía
|
0-0: Called Strike 0-1: Swinging Strike 0-2: Ball 1-2: Strikes out swinging
|
Batting: SHB Orlando Villa
|
0-0: SINGLE (Flyball, 89S) Joe Phillips scores Ricardo Téllez to third Esteban Lugo to second Runner from 3rd tries for Home, SAFE, no throw or cutoff
|
Batting: RHB Lenny Roper
|
0-0: Called Strike 0-1: Ball 1-1: Ground out 1-3 (Groundball, 13S)
|
Top of the 4th over - 2 run(s), 3 hit(s), 0 error(s), 2 left on base; Alameda 2 - Myrtle Beach 4 |
BOTTOM OF THE 4TH |
Myrtle Beach Seahawks batting - Pitching for Alameda Airmen : RHP Reynaldo Maestas
|
Batting: SHB Jim Unknown
|
0-0: DOUBLE (Groundball, 3L)
|
Batting: RHB Fernando Pérez
|
0-0: Ball 1-0: Swinging Strike 1-1: Foul Ball, location: 2F 1-2: Ball 2-2: Ball 3-2: Strikes out looking
|
Batting: RHB José Sosa
|
0-0: Ball 1-0: Called Strike 1-1: Ground out 6-3 (Groundball, 6)
|
Batting: SHB Jorge Barrios
|
0-0: Ground out 4-3 (Groundball, 4)
|
Bottom of the 4th over - 0 run(s), 1 hit(s), 0 error(s), 1 left on base; Alameda 2 - Myrtle Beach 4 |
TOP OF THE 5TH |
Alameda Airmen batting - Pitching for Myrtle Beach Seahawks : LHP José Rico
|
Batting: RHB Mariano Sánchez
|
0-0: Foul Ball, location: 2F 0-1: Called Strike 0-2: Ball 1-2: Foul Ball, location: 2F 1-2: Ball 2-2: Strikes out swinging
|
Batting: RHB Vicente Rodríguez
|
0-0: Called Strike 0-1: Ball 1-1: Called Strike 1-2: Ball 2-2: Fly out, F7 (Flyball, 78M)
|
Batting: RHB Joe Phillips
|
0-0: Ball 1-0: Called Strike 1-1: Ball 2-1: Called Strike 2-2: Ball 3-2: Foul Ball, location: 2F 3-2: Base on Balls
|
Batting: LHB Jorge Vargas
|
0-0: Ground out 4-3 (Groundball, 4D)
|
Top of the 5th over - 0 run(s), 0 hit(s), 0 error(s), 1 left on base; Alameda 2 - Myrtle Beach 4 |
BOTTOM OF THE 5TH |
Myrtle Beach Seahawks batting - Pitching for Alameda Airmen : RHP Reynaldo Maestas
|
Batting: RHB Rodrigo Lugo
|
0-0: Ball 1-0: Called Strike 1-1: Fly out, F5 (Popup, 5F)
|
Batting: SHB Tony Martínez
|
0-0: Ball 1-0: Called Strike 1-1: Swinging Strike 1-2: Foul Ball, location: 2F 1-2: Strikes out swinging
|
Batting: RHB Manuel Díaz
|
0-0: Called Strike 0-1: Called Strike 0-2: Ball 1-2: Foul Ball, location: 2F 1-2: Ground out 6-3 (Groundball, 6)
|
Bottom of the 5th over - 0 run(s), 0 hit(s), 0 error(s), 0 left on base; Alameda 2 - Myrtle Beach 4 |
TOP OF THE 6TH |
Alameda Airmen batting - Pitching for Myrtle Beach Seahawks : LHP José Rico
|
Batting: RHB Ricardo Téllez
|
0-0: Ball 1-0: Foul Ball, location: 2F 1-1: Fly out, F7 (Flyball, 7M)
|
Batting: SHB Esteban Lugo
|
0-0: Called Strike 0-1: Swinging Strike 0-2: SINGLE (Groundball, 23) (infield hit)
|
Batting: RHB Francisco Mejía
|
0-0: Ball 1-0: Ball 2-0: Called Strike 2-1: Called Strike 2-2: Ball 3-2: Strikes out looking
|
Batting: SHB Orlando Villa
|
0-0: Called Strike 0-1: SINGLE (Groundball, 4MD) Esteban Lugo to second
|
Batting: RHB Lenny Roper
|
0-0: Called Strike 0-1: Ball 1-1: Foul Ball, location: 2F 1-2: Ball 2-2: Ball 3-2: Foul Ball, location: 2F 3-2: Strikes out swinging
|
Top of the 6th over - 0 run(s), 2 hit(s), 0 error(s), 2 left on base; Alameda 2 - Myrtle Beach 4 |
BOTTOM OF THE 6TH |
Myrtle Beach Seahawks batting - Pitching for Alameda Airmen : RHP Reynaldo Maestas
|
Batting: RHB Guillaume Colin
|
0-0: Swinging Strike 0-1: Swinging Strike 0-2: Ball 1-2: Foul Ball, location: 2F 1-2: SINGLE (Line Drive, 6MD)
|
Pitching: LHP Cristo Perales
|
|
Batting: RHB Roberto Escues
|
0-0: Bunted foul 0-1: Sac Bunt - play at second, runner safe!
|
Batting: SHB Jim Unknown
|
0-0: Ball 1-0: Bunted foul 1-1: Reached on error, E1 (Groundball, 13S) Guillaume Colin to third Roberto Escues to second
|
Batting: RHB Fernando Pérez
|
0-0: Ball 1-0: Ball 2-0: SINGLE (Groundball, 56D) Guillaume Colin scores Roberto Escues to third Jim Unknown to second
|
Batting: RHB José Sosa
|
0-0: Ball 1-0: Called Strike 1-1: Ball 2-1: Ball 3-1: Foul Ball, location: 2F 3-2: Base on Balls Roberto Escues scores Jim Unknown to third Fernando Pérez to second
|
Batting: SHB Jorge Barrios
|
0-0: Ball 1-0: Foul Ball, location: 2F 1-1: Swinging Strike 1-2: Strikes out swinging
|
Batting: RHB Rodrigo Lugo
|
0-0: Ball 1-0: Called Strike 1-1: Ball 2-1: Ball 3-1: Fly out, F8 (Flyball, 8LD) Runner from 3rd tags up, SCORES, no throw Fernando Pérez to third
|
Batting: SHB Tony Martínez
|
0-0: Ball 1-0: Foul Ball, location: 2F 1-1: Foul Ball, location: 2F 1-2: Foul Ball, location: 2F 1-2: Strikes out swinging
|
Bottom of the 6th over - 3 run(s), 2 hit(s), 1 error(s), 2 left on base; Alameda 2 - Myrtle Beach 7 |
TOP OF THE 7TH |
Alameda Airmen batting - Pitching for Myrtle Beach Seahawks : LHP José Rico
|
Batting: RHB Mariano Sánchez
|
0-0: Fly out, F7 (Flyball, 7LSF)
|
Batting: RHB Vicente Rodríguez
|
0-0: Called Strike 0-1: Foul Ball, location: 2F 0-2: Strikes out swinging
|
Batting: RHB Joe Phillips
|
0-0: Called Strike 0-1: Ball 1-1: Ball 2-1: Ball 3-1: Base on Balls
|
Pitching: RHP Claudio Álvarez
|
|
Batting: LHB Jorge Vargas
|
0-0: Called Strike 0-1: Swinging Strike 0-2: Foul Ball, location: 2F 0-2: Foul Ball, location: 2F 0-2: Foul Ball, location: 2F 0-2: Ball 1-2: Strikes out looking
|
Top of the 7th over - 0 run(s), 0 hit(s), 0 error(s), 1 left on base; Alameda 2 - Myrtle Beach 7 |
BOTTOM OF THE 7TH |
Myrtle Beach Seahawks batting - Pitching for Alameda Airmen : LHP Cristo Perales
|
Batting: RHB Manuel Díaz
|
0-0: Foul Ball, location: 2F 0-1: Ball 1-1: Ball 2-1: Ball 3-1: Foul Ball, location: 2F 3-2: Strikes out swinging
|
Batting: RHB Guillaume Colin
|
0-0: SINGLE (Line Drive, 7LS)
|
Batting: RHB Roberto Escues
|
0-0: Ball 1-0: Called Strike 1-1: Ball 2-1: Ball 3-1: Swinging Strike 3-2: Base on Balls Guillaume Colin to second
|
Batting: SHB Jim Unknown
|
0-0: Fly out, F4 (Popup, 34)
|
Batting: RHB Fernando Pérez
|
0-0: Ball 1-0: Called Strike 1-1: Foul Ball, location: 2F 1-2: Fly out, F8 (Line Drive, 8RM)
|
Bottom of the 7th over - 0 run(s), 1 hit(s), 0 error(s), 2 left on base; Alameda 2 - Myrtle Beach 7 |
TOP OF THE 8TH |
Alameda Airmen batting - Pitching for Myrtle Beach Seahawks : RHP Claudio Álvarez
|
Batting: RHB Ricardo Téllez
|
0-0: Fly out, F9 (Popup, 34D)
|
Batting: SHB Esteban Lugo
|
0-0: Called Strike 0-1: Called Strike 0-2: Ball 1-2: Foul Ball, location: 2F 1-2: Ball 2-2: Ground out U3 (Groundball, 3S)
|
Batting: RHB Francisco Mejía
|
0-0: Called Strike 0-1: Ball 1-1: Ball 2-1: Foul Ball, location: 2F 2-2: Ball 3-2: Base on Balls
|
Batting: SHB Orlando Villa
|
0-0: Swinging Strike 0-1: SINGLE (Groundball, 6D) Francisco Mejía to second
|
Batting: RHB Lenny Roper
|
0-0: Called Strike 0-1: Hit by Pitch Francisco Mejía to third Orlando Villa to second
|
Pitching: RHP Andrew Webster
|
|
Batting: RHB Mariano Sánchez
|
0-0: Fly out, F9 (Popup, 9S)
|
Top of the 8th over - 0 run(s), 1 hit(s), 0 error(s), 3 left on base; Alameda 2 - Myrtle Beach 7 |
BOTTOM OF THE 8TH |
Myrtle Beach Seahawks batting - Pitching for Alameda Airmen : LHP Cristo Perales
|
Batting: RHB José Sosa
|
0-0: Called Strike 0-1: Ball 1-1: Ball 2-1: Ball 3-1: Ground out 4-3 (Groundball, 34)
|
Pitching: RHP Nigel Sweeny
|
|
Batting: SHB Jorge Barrios
|
0-0: Foul Ball, location: 2F 0-1: Ball 1-1: Foul Ball, location: 2F 1-2: Ball 2-2: Ball 3-2: Fly out, F8 (Flyball, 8RD)
|
Batting: RHB Rodrigo Lugo
|
0-0: Ball 1-0: Called Strike 1-1: TRIPLE (Line Drive, 7LM)
|
Batting: SHB Tony Martínez
|
0-0: SINGLE (Line Drive, 89M) Rodrigo Lugo scores
|
Batting: RHB Manuel Díaz
|
0-0: Ball 1-0: Ball 2-0: Ball 3-0: Base on Balls Tony Martínez to second
|
Batting: RHB Guillaume Colin
|
0-0: Called Strike 0-1: Called Strike 0-2: Foul Ball, location: 2F 0-2: Ball 1-2: Ball 2-2: Foul Ball, location: 2F 2-2: Ground out 1-3 (Groundball, 13S)
|
Bottom of the 8th over - 1 run(s), 2 hit(s), 0 error(s), 2 left on base; Alameda 2 - Myrtle Beach 8 |
TOP OF THE 9TH |
Alameda Airmen batting - Pitching for Myrtle Beach Seahawks : RHP Andrew Webster
|
Batting: RHB Vicente Rodríguez
|
0-0: Ball 1-0: Fly out, F9 (Flyball, 89M)
|
Batting: RHB Joe Phillips
|
0-0: Called Strike 0-1: Ball 1-1: Ball 2-1: Ground out 5-3 (Groundball, 5)
|
Batting: LHB Jorge Vargas
|
0-0: Called Strike 0-1: Fly out, F9 (Flyball, 9D)
|
Top of the 9th over - 0 run(s), 0 hit(s), 0 error(s), 0 left on base; Alameda 2 - Myrtle Beach 8 |
|